Map: [ESL] Crimson Court

Players

Cyan

  • Race: Protoss Protoss
  • Spawn Location: 7:00

Coffee - Winner!

  • Race: Terran Terran
  • Spawn Location: 1:00

Event: ESL SC2 Masters 2024 Spring (Regional)

VOD

Have the link to the VOD?

Description

Time

  • Played on: April 26, 2024, 9:17 a.m.
  • Length: 10:36

All games in this series

Show
View Real Time Build Order
Export as new Build Order

Cyan Protoss 

Build Orders: 1 Gate Expand, Blink Stalkers, Colossus Rush 

Get SALT Encoding   

  12  0:00  Probe  
  13  0:12  Probe  
  14  0:18  Pylon  
  14  0:24  Probe (Chrono Boost)  
  15  0:36  Probe (Chrono Boost)  
  15  0:38  Gateway  
  16  0:45  Probe (Chrono Boost)  
  16  0:46  Assimilator  
  17  0:51  Probe  
  18  1:03  Probe  
  19  1:15  Probe  
  20  1:25  Cybernetics Core  
  20  1:30  Nexus  
  20  1:34  Probe  
  21  1:40  Pylon  
  21  1:46  Probe  
  22  1:48  Assimilator  
  22  1:58  Probe  
  22  1:59  Adept (Chrono Boost)  
  23  2:02  Warp Gate  
  25  2:10  Probe  
  26  2:19  Adept (Chrono Boost)  
  26  2:22  Probe  
  29  2:27  Twilight Council  
  28  2:34  Probe  
  29  2:41  Stalker  
  31  2:44  Probe  
  31  2:46  Probe  
  33  2:56  Probe  
  34  2:58  Probe  
  34  3:01  Blink (Chrono Boost)  
  34  3:04  Gateway  
  35  3:08  Probe (Chrono Boost)  
  35  3:12  Probe (Chrono Boost)  
  37  3:21  Probe (Chrono Boost)  
  37  3:24  Robotics Facility  
  39  3:28  Probe (Chrono Boost)  
  39  3:29  Probe (Chrono Boost)  
  40  3:35  Probe  
  40  3:41  Probe (Chrono Boost)  
  41  3:51  Probe (Chrono Boost)  
  41  3:53  Pylon, Probe (Chrono Boost)  
  42  3:56  Stalker  
  42  4:01  Probe (Chrono Boost)  
  42  4:02  Probe (Chrono Boost)  
  46  4:04  Assimilator  
  46  4:07  Assimilator  
  46  4:11  Observer, Probe x2  
  46  4:14  Pylon  
  49  4:20  Nexus  
  49  4:24  Probe x2  
  51  4:26  Stalker  
  53  4:34  Stalker  
  53  4:35  Observer  
  53  4:36  Probe (Chrono Boost)  
  53  4:37  Probe (Chrono Boost)  
  57  4:44  Robotics Bay  
  58  4:48  Probe (Chrono Boost)  
  60  4:53  Probe (Chrono Boost)  
  60  4:55  Observer, Probe (Chrono Boost)  
  60  4:56  Pylon  
  62  5:05  Gateway  
  62  5:08  Pylon  
  62  5:10  Gateway  
  62  5:14  Probe x2  
  62  5:15  Sentry x2  
  68  5:26  Probe x2  
  68  5:28  Colossus (Chrono Boost)  
  70  5:33  Probe  
  77  5:38  Probe x2  
  77  5:39  Shield Battery  
  77  5:41  Pylon, Extended Thermal Lance (Chrono Boost)  
  79  5:46  Probe  
  79  5:48  Gateway  
  80  5:50  Probe  
  80  5:53  Gateway  
  80  5:55  Probe  
  82  5:58  Probe  
  83  6:04  Shield Battery  
  83  6:05  Probe  
  83  6:06  Pylon  
  83  6:07  Probe  
  83  6:10  Probe  
  86  6:18  Probe, Colossus (Chrono Boost)  
  93  6:19  Shield Battery, Probe  
  93  6:22  Pylon  
  93  6:23  Probe  
  93  6:24  Pylon  
  95  6:25  Charge (Chrono Boost)  
  95  6:30  Probe  
  95  6:32  Probe  
  97  6:34  Sentry, Stalker x2  
  97  6:38  Stalker  
  106  6:51  Gateway  
  106  6:54  Pylon, Gateway  
  104  6:55  Sentry, Stalker  
  108  7:02  Stalker x3  
  108  7:05  Stalker  
  116  7:14  Shield Battery  
  116  7:15  Shield Battery  
  116  7:16  Shield Battery  
  116  7:22  Zealot x2  
  98  7:30  Zealot x2  
  98  7:31  Zealot  
  98  7:35  Pylon  
  98  7:36  Pylon  
  96  7:46  Zealot x2  
  96  7:51  Zealot x5  
  90  8:06  Zealot x2  
  90  8:11  Stalker x5  
  90  8:18  Nexus  
  84  8:20  Robotics Facility  
  84  8:21  Pylon  
  76  8:31  Zealot x2  
  74  8:35  Stalker x3  
  80  8:45  Sentry x2  
  80  8:47  Forge  
  84  8:52  Assimilator  
  84  8:53  Zealot x2  
  88  9:00  Gateway  
  88  9:05  Zealot x2  
  88  9:08  Colossus (Chrono Boost)  
  94  9:21  Zealot x3  
  94  9:23  Zealot  
  102  9:30  Zealot x2  
  78  9:40  Stalker  
  73  9:46  Stalker x3  
  73  9:48  Zealot  
  67  9:59  Zealot x2  
  63  10:00  Zealot  
  63  10:03  Zealot  
  67  10:10  Zealot x3  
  67  10:11  Zealot  
  61  10:20  Stalker x2  
  57  10:24  Stalker  
  59  10:29  Zealot  
Show
View Real Time Build Order
Export as new Build Order

Coffee Terran - Winner!

Build Orders: Reaper Expand 

Get SALT Encoding   

  12  0:00  SCV  
  13  0:12  SCV  
  14  0:16  Supply Depot  
  14  0:24  SCV  
  15  0:38  SCV  
  15  0:39  Barracks  
  16  0:42  Refinery  
  16  0:50  SCV  
  17  1:02  SCV  
  18  1:14  SCV  
  19  1:26  Reaper  
  19  1:27  Orbital Command  
  20  1:39  Command Center  
  20  1:46  Supply Depot  
  20  1:52  SCV  
  21  1:57  Marine  
  22  2:05  SCV  
  22  2:07  Factory  
  23  2:13  Bunker  
  23  2:17  SCV  
  23  2:19  Barracks Reactor  
  24  2:29  SCV  
  25  2:36  Refinery  
  25  2:41  SCV  
  26  2:51  Hellion  
  28  2:52  Orbital Command  
  28  2:53  SCV  
  28  2:56  Starport  
  29  3:01  Marine x2  
  29  3:05  SCV  
  32  3:13  Factory Tech Lab  
  32  3:17  SCV  
  32  3:18  SCV  
  32  3:19  Marine  
  34  3:20  Marine  
  36  3:29  SCV  
  36  3:31  Supply Depot  
  36  3:34  SCV  
  38  3:35  Barracks  
  38  3:41  SCV, Factory Tech Lab  
  36  3:47  Marine x2  
  36  3:48  Raven  
  41  3:50  Interference Matrix  
  41  3:51  SCV  
  41  3:53  SCV  
  43  3:59  Supply Depot  
  43  4:04  SCV  
  43  4:05  SCV, Marine x2  
  43  4:08  Siege Tank  
  50  4:13  Refinery  
  50  4:15  Engineering Bay  
  50  4:19  SCV x2  
  50  4:20  Supply Depot  
  50  4:24  Marine x2  
  53  4:26  Barracks  
  54  4:31  SCV  
  54  4:32  SCV  
  54  4:35  Supply Depot  
  56  4:40  Siege Tank  
  56  4:41  Marine x2  
  61  4:47  Terran Infantry Weapons Level 1  
  61  4:50  SCV x2  
  63  4:56  Supply Depot  
  63  4:58  Stimpack, Refinery  
  63  5:02  SCV x2  
  63  5:05  Marine x2  
  63  5:06  Marine  
  68  5:10  Supply Depot  
  68  5:14  SCV x2  
  68  5:20  Marine  
  71  5:21  Starport Reactor, Factory Tech Lab  
  71  5:26  SCV x2  
  72  5:30  Combat Shield  
  72  5:31  Marine x2  
  74  5:36  Marauder  
  74  5:38  SCV, Marauder  
  74  5:39  SCV  
  74  5:40  Siege Tank  
  83  5:49  Marine x2  
  85  5:53  Supply Depot  
  85  5:54  Supply Depot  
  85  5:57  Marauder  
  85  5:59  Medivac  
  85  6:00  Medivac, Marauder  
  93  6:04  Barracks  
  93  6:06  Barracks  
  93  6:08  Marine  
  94  6:12  Supply Depot  
  94  6:13  Supply Depot  
  94  6:15  Marine  
  94  6:16  Siege Tank  
  98  6:20  Missile Turret  
  98  6:29  Marauder x2  
  102  6:34  Marine x2  
  102  6:36  Medivac x2  
  107  6:47  SCV x2  
  107  7:05  Marauder x2  
  111  7:09  Marine x2  
  85  7:27  Marine, Marauder x2  
  85  7:28  Marine x2  
  80  7:42  Marine  
  81  7:45  Marine  
  81  7:46  Marine  
  81  7:47  Medivac x2, Siege Tank  
  81  7:48  Marauder  
  92  7:54  Marine x2  
  72  8:08  Marine  
  72  8:09  Marauder  
  72  8:12  Marine x3  
  67  8:18  Marine  
  68  8:26  Marine  
  64  8:32  Marauder  
  64  8:33  Marine  
  67  8:34  SCV  
  67  8:35  SCV  
  67  8:36  Marauder  
  71  8:43  Siege Tank  
  71  8:47  SCV  
  75  9:01  Marauder x2  
  75  9:02  Marine x2  
  81  9:03  Marine x2  
  81  9:06  SCV  
  84  9:10  SCV  
  84  9:13  Concussive Shells  
  84  9:15  Siege Tank  
  87  9:18  SCV  
  87  9:20  Marine  
  87  9:22  SCV  
  90  9:30  SCV  
  88  9:32  Marine x2, Marauder x2  
  88  9:33  Marine  
  88  9:35  SCV  
  88  9:38  Marine  
  90  9:49  SCV  
  90  9:50  Marine x2  
  90  9:51  Marine  
  91  9:53  Marauder x2  
  91  9:55  Marine  
  95  10:02  Siege Tank  
  95  10:04  SCV  
  99  10:07  Marine  
  99  10:08  Marine  
  99  10:09  Marine  
  95  10:14  Marauder  
  95  10:17  Marine x2  
  95  10:19  SCV  
  95  10:20  SCV  
Tags
 
Add a new tag
Caveats
  • Supply blocks, unpowered buildings, or Contaminate may cause inaccurate times.
  • Supply counts are checked every 10 seconds.